 Dungeon Crawl Stone Soup version 0.30-b1-2-g02819fbbbe (webtiles) character file.

Game seed: 14905371172509380091

143941 Mesmaeker13 the Summoner (level 17, -1/172 HPs)
             Began as an Ogre Summoner on Aug 2, 2023.
             Was an Initiate of Gozag.
             Slain by a demonic crawler (12 damage)
             ... on level 2 of the Spider Nest on Aug 3, 2023.
             The game lasted 02:02:31 (36197 turns).

Mesmaeker13 the Summoner (Ogre Summoner)           Turns: 36197, Time: 02:02:32

Health: -1/172     AC: 14    Str: 15    XL:     17   Next: 38%
Magic:  19/29      EV:  9    Int: 31    God:    Gozag
Gold:   2386       SH:  0    Dex:  4    Spells: 8/32 levels left

rFire   x . .        z - +8 giant spiked club
rCold   . . .        (shield currently unavailable)
rNeg    . . .        K - +0 swamp dragon scales
rPois   +            O - +0 hat of Jousotuo {rPois rCorr Int+5 Dex-4}
rElec   .            R - +2 cloak
rCorr   +            (gloves unavailable)
SInv    +            (boots unavailable)
Will    ++...        v - amulet of regeneration
Stlth   +            t - ring of willpower
HPRegen 1.28/turn    a - ring of see invisible
MPRegen 0.21/turn

%: no passive effects
@: gold aura, studying Unarmed Combat
A: large, unfitting armour, tough skin 1, hooves 1, clever 1, heat vulnerability
1, inability to read after injury 1
a: Renounce Religion, Potion Petition, Call Merchant, Bribe Branch


You were on level 2 of the Spider Nest.
You worshipped Gozag.
Gozag was most pleased with you.
You visited 6 branches of the dungeon, and saw 26 of its levels.
You also visited: Sewer, Bailey and Volcano.

You collected 7874 gold pieces.
You spent 3353 gold pieces at shops.
You paid 2135 gold pieces to Gozag.

Inventory:

Hand Weapons
 f - the +5 war axe "Ephorch" {flame, rElec Will+}
   (You found it on level 13 of the Dungeon)

   rElec:     It insulates you from electricity.
   Will:      It increases your willpower.
 z - a +8 giant spiked club (weapon)
 C - a +2 arbalest of flaming
Missiles
 J - 3 curare-tipped darts
Armour
 l - a +2 hat of stealth
 w - the +3 hat of Pondering {ponderous, Will+ MP+10 Int+5}
   (You acquired it on level 2 of the Orcish Mines)

   Int:       It affects your intelligence (+5).
   MP:        It affects your magic capacity (+10).
   Will:      It increases your willpower.
 K - +0 swamp dragon scales (worn)
 O - the +0 hat of Jousotuo (worn) {rPois rCorr Int+5 Dex-4}
   (You found it on level 15 of the Dungeon)

   Int:       It affects your intelligence (+5).
   Dex:       It affects your dexterity (-4).
   rPois:     It protects you from poison.
   rCorr:     It protects you from acid and corrosion.
 R - a +2 cloak (worn)
Jewellery
 a - a ring of see invisible (right hand)
 j - a ring of protection from fire
 o - a ring of flight
 t - a ring of willpower (left hand)
 v - an amulet of regeneration (around neck)
 B - an amulet of the acrobat
 D - a +6 ring of dexterity
Wands
 k - a wand of acid (7)
 s - a wand of roots (5)
 y - a wand of digging (1)
 M - a wand of mindburst (1)
Scrolls
 h - 4 scrolls of amnesia
 i - 9 scrolls of magic mapping
 n - 5 scrolls of immolation
 q - 9 scrolls of teleportation
 r - 2 scrolls of blinking
 F - a scroll of silence
 G - a scroll of poison
 I - 9 scrolls of enchant armour
 L - 4 scrolls of summoning
 P - 2 scrolls of vulnerability
 S - a scroll of torment
Potions
 b - 3 potions of magic
 c - 4 potions of heal wounds
 d - 10 potions of might
 e - 7 potions of curing
 g - 2 potions of resistance
 m - 5 potions of attraction
 p - 3 potions of ambrosia
 u - 3 potions of haste
 A - a potion of lignification
 E - 2 potions of flight
 H - 3 potions of berserk rage
 N - 3 potions of brilliance
 Q - a potion of invisibility
 T - a potion of cancellation
Miscellaneous
 x - a phantom mirror


   Skills:
 - Level 12.2 Fighting
 + Level 13.1 Maces & Flails
 - Level 10.0 Armour
 - Level 8.5 Dodging
 - Level 3.3 Stealth
 - Level 8.2 Spellcasting
 - Level 5.1 Hexes
 + Level 13.9 Summonings
 - Level 7.1 Ice Magic
 - Level 8.0 Air Magic


You had 8 spell levels left.
You knew the following spells:

 Your Spells              Type           Power      Damage    Failure   Level
a - Ozocubu's Armour      Ice            54%        N/A       1%          3
b - Monstrous Menagerie   Summ           39%        N/A       19%         7
c - Call Canine Familiar  Summ           78%        N/A       1%          3
d - Summon Lightning Spi  Summ/Air       69%        N/A       1%          4
e - Summon Guardian Gole  Hex/Summ       64%        N/A       1%          3
f - Summon Ice Beast      Ice/Summ       67%        N/A       1%          4

Your spell library contained the following spells:

 Spells                   Type           Power      Damage    Failure   Level
 Slow                     Hex            100%       N/A       1%          1
 Summon Small Mammal      Summ           100%       N/A       1%          1
 Call Imp                 Summ           100%       N/A       1%          2
 Ensorcelled Hibernation  Hex/Ice        100%       N/A       1%          2
 Confusing Touch          Hex            45%        N/A       2%          3
 Cigotuvi's Dreadful Rot  Necr/Pois/Air  58%        N/A       3%          2
 Vhi's Electric Charge    Tloc/Air       74%        N/A       3%          3
 Hailstorm                Conj/Ice       34%        3d9       4%          3
 Necrotise                Necr           48%        1d6       7%          1
 Dazzling Flash           Conj/Hex       56%        N/A       7%          3
 Portal Projectile        Hex/Tloc       56%        N/A       7%          3
 Lesser Beckoning         Tloc           24%        N/A       10%         2
 Metabolic Englaciation   Hex/Ice        25%        N/A       14%         5
 Ice Form                 Ice/Tmut       34%        N/A       16%         4
 Gell's Gravitas          Tloc           12%        N/A       21%         3
 Ignite Poison            Fire/Tmut/Pois 12%        N/A       21%         3
 Teleport Other           Tloc           12%        N/A       21%         3
 Vampiric Draining        Necr           12%        2d6       21%         3
 Volatile Blastmotes      Fire/Tloc      24%        2d12      21%         3
 Freezing Cloud           Conj/Ice/Air   22%        6-21      22%         5
 Arcjolt                  Conj/Air       18%        1d28      34%         5
 Iskenderun's Mystic Bla  Conj/Tloc      12%        2d5       54%         4
 Petrify                  Tmut/Erth      12%        N/A       54%         4
 Sticky Flame             Conj/Fire      12%        2d4       54%         4
 Agony                    Necr           12%        N/A       88%         5
 Plasma Beam              Fire/Air       18%        2x1d33    89%         6
 Haunt                    Necr/Summ      27%        N/A       97%         7
 Starburst                Conj/Fire      6%         6d4       100%        6
 Statue Form              Tmut/Erth      8%         N/A       100%        6
 Simulacrum               Ice/Necr       Unusable   N/A       N/A         6

Dungeon Overview and Level Annotations

Branches:
Dungeon (15/15)            Temple (1/1) D:5            Lair (5/5) D:11
 Shoals (1/4) Lair:2       Spider (2/4) Lair:2        Slime (0/5) Lair:5
    Orc (2/2) D:10            Elf (0/3) Orc:2        Vaults (0/5) D:13
 Depths (0/4) D:15          Sewer (visited)          Bailey (visited)
Volcano (visited)

Altars:
Ashenzari
Cheibriados
Dithmenos
Elyvilon
Fedhas
Gozag
Hepliaklqana
Kikubaaqudgha
Makhleb
Nemelex Xobeh
Okawaru
Qazlal
Ru
Sif Muna
Trog
Uskayaw
Vehumet
Wu Jian
Xom
Yredelemnul
Zin
The Shining One

Shops:
D:7 *   D:11 :[!   D:15 ?   Orc:1 :(=[(   Orc:2 **(=[

Portals:
Trove: D:14 (show slimy rune of Zot)

Annotations:
D:3 1 runed translucent door, Crazy Yiuf
D:4 2 exclusions
D:6 Maggie


Innate Abilities, Weirdness & Mutations

You are too large for most types of armour.
You have tough skin. (AC +1)
You have large cloven feet.
Your mind is acute. (Int +4, Str/Dex -1)
You are vulnerable to heat. (rF-)
You occasionally lose the ability to read scrolls when taking damage.


Message History

* * * LOW HITPOINT WARNING * * *
The jumping spider leaps!
Your ice beast hits the demonic crawler but does no damage.
The demonic crawler hits you.
* * * LOW HITPOINT WARNING * * *
The demonic crawler hits you but does no damage.
The demonic crawler barely misses you.
Your lightning spire shoots out a bolt of lightning at the jumping spider!
The bolt of electricity hits the demonic crawler!
The bolt of electricity hits the jumping spider!!
The jumping spider dies!
You feel much better.
Your ice beast hits the demonic crawler but does no damage.
Unknown command.
You hit the demonic crawler. You kick the demonic crawler.
The demonic crawler is severely wounded.
The demonic crawler is distracted by your dazzling golden aura.
The demonic crawler gives a hideous shriek!
You hit the demonic crawler but do no damage.
The demonic crawler is no longer distracted by gold.
You kick the demonic crawler, but do no damage.
The demonic crawler is heavily wounded.
Your ice beast barely misses the demonic crawler.
The demonic crawler hits you!
* * * LOW HITPOINT WARNING * * *
The demonic crawler barely misses you. The demonic crawler hits you.
* * * LOW HITPOINT WARNING * * *
Your ice beast closely misses the demonic crawler.
You puncture the demonic crawler! Your kick misses the demonic crawler.
The demonic crawler is severely wounded.
The demonic crawler hits you but does no damage.
The demonic crawler hits you!
* * * LOW HITPOINT WARNING * * *
The demonic crawler hits you.
* * * LOW HITPOINT WARNING * * *
The demonic crawler hits you!
* * * LOW HITPOINT WARNING * * *
The demonic crawler hits you!
You die...
Your body crumbles into a pile of gold.

# #..## #.^....#.#..... #
### #.## ##....^.##..###.
###.#
##.####.......##.####.
###...#
#...##........######..
#..##.# #.##.........##
#.#... ...##.#
####.........####.....
...^..#
##..................
......#
##8........##........
....<.#
#..s@......#..##.....
......#
###.Y^......###......
......# #$.......##
#...... ......#
#$..$...## ...^...
......# #......$##..##
#######. ......~~
#...#..$.....## ##..
.......##...#..#........#
####... .....#..### .
.#........###......
...#..###
#^#...........###.....


You could see a demonic crawler (ally target), a friendly ice beast (summoned)
and a friendly lightning spire (summoned, webbed).

Vanquished Creatures
  A ghost moth (Spider:2)
  A very ugly thing (D:15)
  A red draconian (Volcano)
  An entropy weaver (Spider:2)
  A hydra (Lair:3)
  A radroach (Spider:2)
  A catoblepas (Lair:5)
  A centaur warrior (Volcano)
  2 boulder beetles
  4 two-headed ogres
  An orc high priest (Orc:2)
  5 death yaks
  2 tengu warriors
  A pharaoh ant (Spider:2)
  A fire crab (shapeshifter) (D:15)
  An orb spider (Spider:1)
  A glowing orange brain (D:15)
  2 deep elf pyromancers (D:12)
  4 cyclopes
  5 ugly things
  4 orc sorcerers
  6 wolf spiders
  2 moths of wrath
  An elephant (Lair:5)
  A manticore (D:14)
  A black mamba (Lair:5)
  A black mamba (shapeshifter) (D:13)
  2 demonic crawlers
  A gargoyle (Volcano)
  3 molten gargoyles
  5 cane toads
  3 unseen horrors
  6 komodo dragons
  A yaktaur (Volcano)
  A tengu conjurer (D:13)
  A meliai (D:13)
  4 trolls
  8 tarantellas
  A dream sheep (Lair:5)
  7 slime creatures
  3 blink frogs
  A snapping turtle (Lair:2)
  3 shadows
  7 jumping spiders
  Sigmund (D:3)
  6 culicivoras
  A wraith (D:11)
  2 wyverns
  A vampire (D:13)
  A hog (shapeshifter) (D:15)
  3 basilisks
  A steam dragon (D:8)
  11 yaks
  14 redbacks
  3 vampire mosquitoes (D:15)
  A warg (Orc:2)
  A hell hound (Lair:5)
  6 water moccasins
  8 orc warriors
  An ice beast (D:6)
  4 wolves
  5 centaurs
  3 ogres (Orc:2)
  A phantom (D:5)
  4 bullfrogs
  A wight (D:10)
  5 killer bees (D:11)
  A vampire bat (D:10)
  An electric eel (Spider:1)
  2 lava snakes (Lair:5)
  2 orc priests
  3 hounds
  2 sleepcaps
  8 orc wizards
  A nameless horror (Lair:2)
  Robin (D:4)
  2 gnolls
  A river rat (D:3)
  3 adders
  An ufetubus (D:2)
  A dart slug (D:4)
  15 orcs
  3 ball pythons
  3 bats (D:10)
  8 endoplasms
  11 giant cockroaches
  4 goblins
  2 hobgoblins (D:4)
  6 kobolds
  4 quokkas
  7 frilled lizards
  3 rats (D:2)
289 creatures vanquished.

Vanquished Creatures (collateral kills)
  Gastronok (D:11)
  An orc warlord (Orc:2)
  A fire dragon (Lair:5)
  Snorg (Lair:4)
  4 hydras
  A rakshasa (D:15)
  Erica (D:8)
  A centaur warrior (D:14)
  An anaconda (Lair:5)
  2 two-headed ogres
  3 death yaks
  An orc high priest (Orc:2)
  A tengu warrior (D:15)
  Urug (Lair:2)
  Sonja (D:11)
  A pharaoh ant (Spider:2)
  4 skysharks
  A lindwurm (Lair:5)
  2 orb spiders (Spider:2)
  3 orc knights
  2 deep elf pyromancers
  A steelbarb worm (Spider:2)
  A deep elf zephyrmancer (D:13)
  An orc sorcerer (Orc:2)
  A faun (Shoals:1)
  6 ugly things
  A moth of wrath (Spider:1)
  7 wolf spiders
  5 black mambas
  2 demonic crawlers (Spider:1)
  2 elephants (Lair:5)
  A water nymph (shapeshifter) (D:15)
  An unseen horror (D:9)
  10 cane toads
  Psyche (D:9)
  A gargoyle (D:10)
  2 efreet
  A yaktaur (Volcano)
  12 komodo dragons
  2 meliai
  A hornet (D:10)
  A polar bear (Lair:3)
  4 trolls
  5 blink frogs
  Grinder (D:4)
  9 tarantellas
  A snapping turtle (Shoals:1)
  3 dream sheep (Lair:5)
  3 slime creatures
  10 jumping spiders
  A centaur simulacrum (D:15)
  A spriggan (Lair:5)
  7 culicivoras
  A fire bat (Volcano)
  17 yaks
  9 basilisks
  2 wyverns
  23 redbacks
  2 steam dragons
  A vampire mosquito (D:15)
  Menkaure (D:4)
  4 wargs
  2 acid dragons
  6 water moccasins
  2 hell hounds (Lair:5)
  26 orc warriors
  A black bear (D:11)
  4 ice beasts
  A sky beast (D:7)
  7 ogres
  5 wolves
  3 centaurs
  3 kobold brigands
  8 bullfrogs
  A gnoll sergeant (D:9)
  A scorpion (D:6)
  2 wights (D:10)
  A killer bee (D:11)
  4 howler monkeys
  8 lava snakes
  4 jellies
  5 orc priests
  4 hounds
  3 gnoll boudas
  9 orc wizards
  A sleepcap (D:7)
  Ijyb (D:2)
  Terence (D:3)
  A mummy (D:7)
  13 gnolls
  6 adders
  A worm (D:4)
  3 dart slugs
  46 orcs
  6 bats
  6 endoplasms
  4 giant cockroaches
  13 goblins
  7 hobgoblins
  10 quokkas
  6 ball pythons
  7 frilled lizards
  14 kobolds
  5 rats
  A butterfly (Lair:4)
461 creatures vanquished.

Vanquished Creatures (others)
  A death yak (Lair:5)
  An elephant (Lair:5)
  A moth of wrath (Spider:2)
  2 redbacks (Spider:2)
  A kobold (D:9)
  31 fungi
  20 plants
57 creatures vanquished.

Grand Total: 807 creatures vanquished

Notes
Turn   | Place    | Note
-------+----------+-------------------------------------------
     0 | D:1      | Mesmaeker13 the Ogre Summoner began the quest for the Orb.
     0 | D:1      | Reached XP level 1. HP: 16/16 MP: 3/3
   153 | D:1      | Reached XP level 2. HP: 11/24 MP: 1/5
   276 | D:1      | Found a faded altar of an unknown god.
   385 | D:1      | Learned a level 2 spell: Call Imp
   464 | D:1      | Reached XP level 3. HP: 29/31 MP: 5/7
  1321 | D:2      | Reached XP level 4. HP: 31/39 MP: 6/8
  1833 | D:3      | Noticed Ijyb
  1840 | D:2      | Killed Ijyb
  1847 | D:3      | Reached XP level 5. HP: 13/45 MP: 7/10
  1982 | D:3      | Noticed Sigmund
  2089 | D:3      | Found a glowing drain.
  2122 | Sewer    | Entered a sewer
  2302 | Sewer    | Learned a level 3 spell: Call Canine Familiar
  2804 | Sewer    | Reached XP level 6. HP: 53/53 MP: 11/11
  2853 | Sewer    | Identified the +0 halberd of Premature Burial {vamp, rF-
                  | Will+++ SInv}
  2986 | D:3      | Found a runed translucent door.
  2987 | D:3      | Noticed Crazy Yiuf
  3024 | D:3      | Noticed Terence
  3060 | D:3      | Killed Terence
  3384 | D:3      | Killed Sigmund
  3385 | D:3      | Reached XP level 7. HP: 59/59 MP: 9/13
  3631 | D:4      | Noticed Menkaure
  3641 | D:4      | Killed Menkaure
  3642 | D:4      | Reached skill level 5 in Summonings
  3651 | D:4      | Learned a level 4 spell: Summon Lightning Spire
  3978 | D:4      | Noticed Robin
  4018 | D:4      | Killed Robin
  4078 | D:4      | You fall into a shaft and drop 1 floor!
  4078 | D:5      | Entered Level 5 of the Dungeon
  4380 | D:4      | Found a burning altar of Makhleb.
  4392 | D:4      | Reached skill level 5 in Spellcasting
  4392 | D:4      | Reached skill level 1 in Air Magic
  4606 | D:4      | Noticed Grinder
  4850 | D:5      | Found a bloodstained altar of Trog.
  4992 | D:5      | Found a shadowy altar of Dithmenos.
  5019 | D:5      | Found a staircase to the Ecumenical Temple.
  5030 | Temple   | Entered the Ecumenical Temple
  5128 | Temple   | Became a worshipper of Gozag Ym Sagoz the Greedy
  5354 | D:5      | Reached XP level 8. HP: 47/67 MP: 13/15
  6210 | D:6      | Noticed Maggie
  6216 | D:6      | HP: 3/67 [Maggie/bolt of fire (34)]
  6438 | D:5      | Reached skill level 5 in Dodging
  6610 | D:5      | Reached skill level 1 in Maces & Flails
  7171 | D:6      | Reached XP level 9. HP: 7/67 MP: 13/18
  7549 | D:6      | Found a hazy altar of Hepliaklqana.
  7568 | D:6      | Found a shimmering altar of Xom.
  7570 | D:6      | Noticed a spectral ugly thing
  8169 | D:7      | Found a snail-covered altar of Cheibriados.
  8604 | D:7      | Found Zin's Purification Station.
  8607 | D:7      | Found a glowing silver altar of Zin.
  8718 | D:7      | Found a sparkling altar of Nemelex Xobeh.
  8776 | D:7      | Found a basalt altar of Yredelemnul.
  9738 | D:8      | Identified the +8 dagger of Solemn Valour {flame, Will+
                  | Str+5 Int+2}
  9997 | D:8      | Reached skill level 5 in Air Magic
  9997 | D:8      | Reached XP level 10. HP: 64/81 MP: 19/19
 10167 | D:8      | Noticed Erica
 10177 | D:8      | Killed Erica
 10665 | D:4      | Killed Grinder
 10960 | D:9      | Noticed Psyche
 11324 | D:9      | Found a stormy altar of Qazlal.
 11679 | D:9      | Reached skill level 1 in Armour
 11716 | D:9      | Killed Psyche
 11717 | D:9      | Reached skill level 5 in Maces & Flails
 11843 | D:9      | Noticed an unseen horror
 11863 | D:9      | Killed an unseen horror
 12237 | D:9      | Found a broken altar of Ashenzari.
 12305 | D:9      | Learned a level 3 spell: Summon Guardian Golem
 12308 | D:10     | Entered Level 10 of the Dungeon
 12493 | D:10     | Found a flagged portal.
 12497 | D:10     | Noticed a gargoyle
 12511 | D:10     | Killed a gargoyle
 12519 | D:10     | Reached XP level 11. HP: 63/88 MP: 13/20
 12534 | Bailey   | Entered a bailey
 12853 | Bailey   | Reached XP level 12. HP: 96/96 MP: 17/21
 12854 | Bailey   | Reached skill level 5 in Armour
 12854 | Bailey   | Reached XP level 13. HP: 102/102 MP: 17/22
 12855 | Bailey   | Reached skill level 10 in Summonings
 12855 | Bailey   | Reached XP level 14. HP: 110/110 MP: 17/26
 13919 | D:10     | Found a staircase to the Orcish Mines.
 14034 | D:10     | Found a sacrificial altar of Ru.
 14128 | D:10     | Found a blossoming altar of Fedhas.
 14344 | D:11     | Noticed Sonja
 14359 | D:11     | Killed Sonja
 14361 | D:11     | Reached skill level 5 in Hexes
 14369 | D:11     | Noticed Gastronok
 14672 | D:11     | Found Cotress's Distillery.
 14675 | D:11     | Bought a potion of invisibility for 104 gold pieces
 14731 | D:11     | Killed Gastronok
 15129 | D:11     | Reached skill level 1 in Fighting
 15250 | D:11     | Found a staircase to the Lair.
 15494 | Lair:1   | Entered Level 1 of the Lair of Beasts
 15521 | D:11     | Bought the Teachings on Boreal Flame for 816 gold pieces
 15527 | D:11     | Learned a level 4 spell: Summon Ice Beast
 15942 | Lair:1   | Identified the +1 hand axe "Ticauduff" {antimagic, rPois
                  | Will++}
 16024 | Lair:1   | Reached skill level 1 in Ice Magic
 17055 | Lair:2   | Noticed Urug
 17066 | Lair:2   | Killed Urug
 17067 | Lair:2   | Reached skill level 10 in Maces & Flails
 17766 | Lair:2   | Found a staircase to the Shoals.
 18065 | Lair:2   | Reached skill level 5 in Fighting
 18482 | Lair:2   | Found a hole to the Spider Nest.
 18744 | Lair:2   | Learned a level 3 spell: Ozocubu's Armour
 19196 | Lair:3   | Reached XP level 15. HP: 106/133 MP: 17/27
 19882 | Lair:4   | Noticed Snorg
 19893 | Lair:4   | Killed Snorg
 20226 | Lair:4   | Found a dark tunnel.
 20345 | Volcano  | Entered a volcano
 20595 | Volcano  | Found a radiant altar of Vehumet.
 20993 | Volcano  | Identified the +1 pair of gloves of Agnosticism {Fly rC++
                  | Will- Int+2}
 21896 | Lair:5   | Entered Level 5 of the Lair of Beasts
 22351 | Lair:5   | Reached skill level 5 in Ice Magic
 22830 | Lair:5   | Found a staircase to the Slime Pits.
 23618 | Lair:5   | Found a large runed translucent door.
 23619 | Lair:5   | Found a large runed translucent door.
 25210 | D:12     | Found a hide-covered altar of Uskayaw.
 25212 | D:12     | Found a glowing golden altar of the Shining One.
 25212 | D:12     | Found a shimmering altar of Xom.
 25216 | D:12     | Found an iron altar of Okawaru.
 25216 | D:12     | Found a sparkling altar of Nemelex Xobeh.
 25216 | D:12     | Found an ornate altar of the Wu Jian Council.
 25456 | D:13     | Reached XP level 16. HP: 152/156 MP: 28/28
 25875 | D:13     | Found a gate to the Vaults.
 26004 | D:13     | Identified the +5 war axe "Ephorch" {flame, rElec Will+}
 26950 | D:14     | Found a portal to a secret trove of treasure.
 27668 | D:14     | Reached skill level 10 in Fighting
 27711 | D:14     | Found a hazy altar of Hepliaklqana.
 28031 | Orc:1    | Entered Level 1 of the Orcish Mines
 28068 | Orc:1    | Found Beaq's Armour Shop.
 28080 | Orc:1    | Bought a +2 cloak for 247 gold pieces
 28105 | Orc:1    | Found Nezyugy's Weapon Shop.
 28151 | Orc:1    | Found Deharu Zuiz's Antique Weapon Shoppe.
 28294 | Orc:1    | Found Ceyp's Jewellery Boutique.
 28445 | Orc:1    | Found a transporter.
 28464 | Orc:1    | Found Xanlum's Book Shop.
 28485 | Orc:1    | Found a transporter.
 28648 | Orc:1    | Bought the Reference Book on United Translocation for 690
                  | gold pieces
 28658 | Orc:1    | Learned a level 7 spell: Monstrous Menagerie
 28674 | Orc:2    | Entered Level 2 of the Orcish Mines
 28674 | Orc:2    | Found Pupnyost's Antique Armour Emporium.
 28998 | Orc:2    | Gained mutation: You are occasionally teleported next to
                  | monsters. [a neqoxec]
 29042 | Orc:2    | Found Uczow's Assorted Antiques.
 29065 | Orc:2    | Found Bewietzy's General Store.
 29147 | Orc:2    | Found Xeimuisa's Antique Weapon Boutique.
 29396 | Orc:2    | Bought a scroll of enchant weapon for 262 gold pieces
 29486 | Orc:2    | Bought a scroll of acquirement for 728 gold pieces
 29495 | Orc:2    | Acquired the +3 hat of Pondering {ponderous, Will+ MP+10
                  | Int+5}
 29495 | Orc:2    | Found the +3 hat of Pondering {ponderous, Will+ MP+10
                  | Int+5}
 29645 | Orc:2    | Found Bufuos Wari's Jewellery Boutique.
 30105 | Orc:2    | Found a staircase to the Elven Halls.
 30293 | Spider:1 | Entered Level 1 of the Spider Nest
 30947 | Orc:2    | Bought an amulet of regeneration for 450 gold pieces
 31171 | Spider:1 | Lost mutation: You are occasionally teleported next to
                  | monsters. [potion of mutation]
 31171 | Spider:1 | Gained mutation: You occasionally lose the ability to drink
                  | potions when taking damage. [potion of mutation]
 31171 | Spider:1 | Gained mutation: Your spells are a little easier to cast,
                  | but a little less powerful. [potion of mutation]
 31171 | Spider:1 | Gained mutation: You expend magic power (3 MP) to
                  | strengthen your wands. [potion of mutation]
 31172 | Spider:1 | Lost mutation: Your spells are a little easier to cast, but
                  | a little less powerful. [potion of mutation]
 31172 | Spider:1 | Lost mutation: You expend magic power (3 MP) to strengthen
                  | your wands. [potion of mutation]
 31172 | Spider:1 | Lost mutation: You occasionally lose the ability to drink
                  | potions when taking damage. [potion of mutation]
 31172 | Spider:1 | Gained mutation: Your mind is acute. (Int +4, Str/Dex -1)
                  | [potion of mutation]
 31172 | Spider:1 | Gained mutation: You occasionally lose the ability to read
                  | scrolls when taking damage. [potion of mutation]
 31172 | Spider:1 | Gained mutation: You are vulnerable to heat. (rF-) [potion
                  | of mutation]
 31172 | Spider:1 | Gained mutation: You have large cloven feet. [potion of
                  | mutation]
 32622 | Shoals:1 | Entered Level 1 of the Shoals
 32868 | D:15     | Entered Level 15 of the Dungeon
 33203 | D:15     | Found a staircase to the Depths.
 33270 | D:15     | Identified the +0 hat of Jousotuo {rPois rCorr Int+5 Dex-4}
 33419 | D:15     | Reached XP level 17. HP: 139/170 MP: 21/29
 34072 | D:15     | Bought a scroll of poison for 56 gold pieces
 35025 | Spider:2 | Reached skill level 10 in Armour
 36197 | Spider:2 | Slain by a demonic crawler

Illustrated notes

Levels and vault maps discovered:
D:1:      dpeg_arrival_simpleton_b, layout_rooms,
          hellmonk_ecumenical_altar_zigzags, minmay_misc_feat_four_crosses,
          lemuel_flame_loot_1
D:2:      layout_loops_ring, kennysheep_generic_room_2
D:3:      layout_loops_cross, portal_sewer_entry_a, hangedman_decor_points,
          grunt_ministairs_10, uniq_terence, uniq_crazy_yiuf_cottage,
          uniq_sigmund, uniq_ijyb
D:4:      layout_loops_ring, makhleb_heckhound_becter,
          hangedman_abyss_or_decor_passed, minmay_crystal_water, uniq_menkaure,
          uniq_grinder, uniq_robin
D:5:      layout_basic, mainiacjoe_overflow_cross_hatched,
          nicolae_overflow_crystal_walls, minmay_temple_entry_stoned_glass,
          grunt_ministairs_9, minmay_manual_mares
D:6:      layout_cave_pools, regret_index_temple_of_mockery, uniq_maggie
D:7:      layout_loops_ring, zin_purify, slow_altar_2,
          mainiacjoe_overflow_catwalk, old_standard_altar,
          minmay_strange_pillars
D:8:      layout_loops_ring, nicolae_titane, uniq_erica
D:9:      layout_cave_pods, old_standard_altar, mainiacjoe_overflow_alcove_1,
          uniq_psyche
D:10:     layout_loops_ring, fedhas_bush_and_centaur_altar, pf_just_have_faith,
          david_orc_1_choice, serial_rivers, chequers_serial_rivers_micro_c,
          chequers_serial_rivers_small_a, chequers_serial_rivers_room_b,
          chequers_serial_rivers_micro_c, chequers_serial_rivers_small_a,
          chequers_serial_rivers_room_b, enter_bailey_6,
          chequers_serial_rivers_micro_e, roderic_batcave, kennysheep_path_1,
          hangedman_abyss_or_decor_stagger
D:11:     layout_basic, david_lair_generic, serial_shops,
          nicolae_shop_behind_doors, minmay_misc_feat_secret_circle, uniq_sonja,
          uniq_gastronok
D:12:     layout_loops_corners, doesnt_xom_only_xom
D:13:     layout_cave_pools, david_vaults_1
D:14:     layout_irregular_city, hangedman_decor_riveting,
          nicolae_trove_entry_free_sample, nicolae_hepliaklqana_hippocampus
D:15:     gammafunk_enter_depths_forms, layout_long_grid
Temple:   nicolae_temple_ecumenical_triangle
Lair:1:   layout_cave_shapes
Lair:2:   layout_misc_corridors, minmay_shoals_entry_hut,
          spider_nest_entry_funnel_web, nicolae_lair_lil_pond, uniq_urug
Lair:3:   layout_loops_ring
Lair:4:   layout_cave_pods, nicolae_volcano_entry_hallway,
          dreamdust_gnoll_shepherd, lemuel_fruit_fields, serial_bayou_shore_b,
          uniq_snorg
Lair:5:   cheibrodos_lair_end_hotspot, layout_gridlike,
          nicolae_slime_entry_slimehenge, grunt_forest_large_clearing_hut
Shoals:1: layout_shoals, nicolae_shoals_stone_sculpture_thing, uniq_frances
Spider:1: layout_spider_delve
Spider:2: layout_chambers, guppyfry_hornet_nest
Orc:1:    layout_caves, serial_shops, shop, nicolae_square_shop,
          nicolae_shop_drivethru, nicolae_shop_window_shopping,
          nicolae_shop_bloodbath_and_beyond
Orc:2:    grunt_orc_gardens, layout_diamond_mine, grunt_orc_garden,
          grunt_orc_garden, grunt_orc_garden, grunt_orc_garden, serial_shops,
          shop

Skill      XL: |  1  2  3  4  5  6  7  8  9 10 11 12 13 14 15 16 17 |
---------------+----------------------------------------------------+-----
Dodging        | 2 3 4 5 6 7 8 |  8.5
Stealth        | 2 3 |  3.3
Spellcasting   | 3 4 5 6 8 |  8.2
Summonings     | 4 5 6 7 8 9 10 11 12 13 | 13.9
Air Magic      | 1 3 5 6 7 8 |  8.0
Maces & Flails | 1 4 5 7 8 9 10 11 12 13 | 13.1
Armour         | 2 4 5 7 8 9 10 | 10.0
Hexes          | 4 5 |  5.1
Fighting       | 5 9 11 12 | 12.2
Ice Magic      | 3 5 7 |  7.1

Action                     |  1- 3 |  4- 6 |  7- 9 | 10-12 | 13-15 | 16-18 || total
---------------------------+-------+-------+-------+-------+-------+-------++-------
  Melee: Dagger            |    57 |       |    18 |    33 |       |       ||   108
         Unarmed           |     7 |       |       |       |       |       ||     7
         Spear             |    36 |    16 |       |       |       |       ||    52
         Trident           |       |    83 |    62 |       |       |       ||   145
         Punch             |       |     1 |     2 |       |       |       ||     3
         Halberd           |       |       |    79 |       |       |       ||    79
         Giant spiked club |       |       |    35 |    17 |   365 |   393 ||   810
         Flail             |       |       |    67 |       |       |       ||    67
         Kick              |       |       |       |       |       |    44 ||    44
   Cast: Summon Small Mamm |    24 |     8 |     2 |       |       |       ||    34
         Call Imp          |     8 |    17 |    14 |     1 |     1 |       ||    41
         Call Canine Famil |       |     6 |    42 |    16 |    23 |     3 ||    90
         Summon Lightning  |       |       |    30 |    29 |   125 |   127 ||   311
         Summon Ice Beast  |       |       |       |       |    47 |    26 ||    73
         Summon Guardian G |       |       |       |       |     4 |     4 ||     8
         Ozocubu's Armour  |       |       |       |       |     1 |     1 ||     2
 Invoke: Call Merchant     |       |       |       |       |     2 |     1 ||     3
  Evoke: Wand              |       |    10 |     6 |     3 |    50 |    26 ||    95
         Phantom mirror    |       |       |       |       |       |     1 ||     1
    Use: Scroll            |     3 |       |     8 |     1 |    23 |    12 ||    47
         Potion            |       |     1 |     2 |     4 |     6 |    15 ||    28
   Stab: Sleeping          |       |     4 |     3 |       |     2 |     1 ||    10
         Distracted        |       |       |     3 |     2 |    16 |    15 ||    36
 Armour: Robe              |    44 |    34 |    73 |     2 |       |       ||   153
         Swamp dragon scal |       |       |       |    13 |   186 |   307 ||   506
  Dodge: Dodged            |    68 |    50 |   203 |    68 |   333 |   335 ||  1057
